 Dungeon Crawl Stone Soup version 0.29-a0-721-g7f417c9bbb (webtiles) character file.

Game seed: 7633695231932150706

98 avis the Shooter (level 4, 0/37 HPs)
             Began as a Demigod Hunter on June 27, 2022.
             Slain by an orc
             ... wielding a +0 club
              (2 damage)
             ... on level 3 of the Dungeon.
             The game lasted 00:08:22 (2518 turns).

avis the Shooter (Demigod Hunter)                   Turns: 2518, Time: 00:08:22

Health: 0/37       AC:  6    Str: 12    XL:     4   Next: 20%
Magic:  6/6        EV: 12    Int: 11    God:
Gold:   122        SH:  0    Dex: 21    Spells: 3/3 levels left

rFire   . . .      SeeInvis .   a - +0 shortbow
rCold   . . .      Faith    .   (shield currently unavailable)
rNeg    . . .      Spirit   .   c - +0 leather armour
rPois   .          Reflect  .   (no helmet)
rElec   .          Harm     .   o - +2 cloak
rCorr   .          Rampage  .   (no gloves)
Will    .....                   (no boots)
Stlth   ++........              (no amulet)
HPRegen 0.12/turn               (no ring)
MPRegen 0.10/turn               (no ring)

@: no status effects
A: high MP 1, forlorn, divine attributes
a: no special abilities


You were on level 3 of the Dungeon.
You visited 1 branch of the dungeon, and saw 3 of its levels.

You collected 122 gold pieces.

Inventory:

Hand Weapons
 a - a +0 shortbow (weapon)
 b - a +0 short sword
 q - a +0 sling
Missiles
 p - 2 poisoned darts
 s - 2 boomerangs
Armour
 c - a +0 leather armour (worn)
 f - a +2 buckler
 o - a +2 cloak (worn)
 u - a scarf of resistance
Wands
 t - a wand of iceblast (12)
Scrolls
 d - 2 scrolls of fog {unknown}
 e - 3 scrolls of identify {unknown}
 g - a scroll of noise {unknown}
 h - a scroll of silence {unknown}
 j - a scroll of immolation
 k - 2 scrolls of enchant armour {unknown}
 m - 2 scrolls of fear {unknown}
 n - 3 scrolls of amnesia {unknown}
 r - a scroll of teleportation {unknown}
Potions
 i - a potion of lignification {unknown}
 l - a potion of might {unknown}


   Skills:
 + Level 2.8 Fighting
 * Level 4.9 Ranged Weapons
 - Level 1.7 Dodging
 - Level 0.8 Stealth


You had 3 spell levels left.
You didn't know any spells.
Your spell library was empty.

Dungeon Overview and Level Annotations

Branches:
Dungeon (3/15)


Innate Abilities, Weirdness & Mutations

You have an increased reservoir of magic. (+10% MP)
You shall have no god before yourself.
Your divine heritage dramatically boosts your attributes as you level up.


Message History

The orc barely misses you.
Fire: a) +0 shortbow
Press: ? - help, Q - select action, (/) - cycle Shift-Dir - straight line, f/p - orc
Aim: an orc, wielding a +0 club and wearing a +0 leather armour (almost dead, 65% to hit)
You shoot an arrow.
The arrow hits the orc but does no damage.
The orc is almost dead.
The orc priest calls down the wrath of Beogh upon you.
Beogh smites you! The orc barely misses you.
Unknown command.
Fire: a) +0 shortbow
Press: ? - help, Q - select action, (/) - cycle Shift-Dir - straight line, f/p - orc
Aim: an orc, wielding a +0 club and wearing a +0 leather armour (almost dead, 65% to hit)
You shoot an arrow. The arrow hits the orc.
You kill the orc!
The orc priest mumbles some strange prayers to Beogh against you.
Beogh smites you!
* * * LOW HITPOINT WARNING * * *
Fire: a) +0 shortbow
Press: ? - help, Q - select action, (/) - cycle Shift-Dir - straight line, f - orc
Aim: an orc, wielding a +0 club and wearing a +0 chain mail (72% to hit)
You shoot an arrow. The arrow hits the orc.
The orc is severely wounded.
The orc closely misses you.
The orc priest looks satisfied for a moment.
The orc hits you but does no damage.
Fire: a) +0 shortbow
Press: ? - help, Q - select action, (/) - cycle Shift-Dir - straight line, f/p - orc
Aim: an orc, wielding a +0 club and wearing a +0 chain mail (severely wounded, 72% to hit)
You shoot an arrow.
The arrow hits the orc but does no damage.
The orc is severely wounded.
The orc hits you but does no damage.
Fire: a) +0 shortbow
Press: ? - help, Q - select action, (/) - cycle Shift-Dir - straight line, f/p - orc
Aim: an orc, wielding a +0 club and wearing a +0 chain mail (severely wounded, 72% to hit)
You shoot an arrow. The arrow barely misses the orc.
The arrow hits the orc priest but does no damage.
The orc hits you with a +0 club.
You die...

...[......#
##.######.#######
#...## #....>..#
.....# #######.#
#...## #.## ##.##
#..# #.# ##.# #.#
#.# ##'## #@#
#...## #o#
.....## #o#
......## ...
.......####...
#.#
.......'......
...
.......####...
#.# ......## ).#
.....##


You could see an orc priest and an orc.

Vanquished Creatures
  An adder (D:3)
  3 gnolls (D:3)
  A dart slug (D:1)
  2 orcs (D:3)
  4 bats
  4 endoplasms
  A giant cockroach (D:2)
  5 goblins
  4 hobgoblins
  4 jackals (D:3)
  5 kobolds
  3 quokkas
  5 ball pythons
  4 frilled lizards (D:2)
  8 rats
54 creatures vanquished.

Notes
Turn   | Place    | Note
-------+----------+-------------------------------------------
     0 | D:1      | avis the Demigod Hunter began the quest for the Orb.
     0 | D:1      | Reached XP level 1. HP: 17/17 MP: 3/3
   265 | D:1      | Reached XP level 2. HP: 24/24 MP: 4/4
   279 | D:1      | Reached skill level 4 in Ranged Weapons
  1294 | D:2      | Reached XP level 3. HP: 30/30 MP: 5/5
  2075 | D:3      | Reached XP level 4. HP: 7/37 MP: 6/6
  2518 | D:3      | Slain by an orc

Illustrated notes

Levels and vault maps discovered:
D:1:      sevenhm_arrival_forest_fort_large_4, layout_basic,
          basic_ecumenical_altar, st_stairs_12
D:2:      layout_basic
D:3:      layout_loops_corners, overflow_temple_1_default

Skill      XL: |  1  2 |
---------------+-------+-----
Fighting       | 2 |  2.8
Ranged Weapons | 4 |  4.9
Dodging        | |  1.7
Stealth        | |  0.8

Action                   |  1- 3 |  4- 6 || total
-------------------------+-------+-------++-------
 Fire: Shortbow          |   119 |    18 ||   137
Armor: Leather armour    |     6 |     3 ||     9
Dodge: Dodged            |    16 |     7 ||    23

Table legend: (Time is in decaauts)
 A = Elapsed time spent in this place.
 B = Non-inter-level travel time spent in this place.
 C = Inter-level travel time spent in this place.
 D = Time resting spent in this place.
 E = Time spent auto-exploring this place.
 F = Levels seen in this place.
 G = Mean time per level.
                   A        B        C        D        E       F      G
               +--------+--------+--------+--------+--------+-----+--------+
         Total |   2562 |   2349 |    213 |    444 |   1521 |   3 |  854.0 |
       Dungeon |   2562 |   2349 |    213 |    444 |   1521 |   3 |  854.0 |
               +--------+--------+--------+--------+--------+-----+--------+

Top non-repeatable levels by time:
     D:1: 1063 daAuts
     D:3: 908 daAuts
     D:2: 591 daAuts
